 Dungeon Crawl Stone Soup version 0.22-a0-355-g201945fe43 (webtiles) character file.

81 KleinerIrrer the Skirmisher (level 4, 0/42 HPs)
             Began as a Naga Fighter on Apr 18, 2018.
             Slain by a gnoll
             ... wielding a +0 spear
              (1 damage)
             ... on level 3 of the Dungeon.
             The game lasted 00:02:22 (1411 turns).

KleinerIrrer the Skirmisher (Naga Fighter)          Turns: 1411, Time: 00:02:23

Health: 0/42       AC: 13    Str: 24    XL:     4   Next: 40%
Magic:  4/4        EV:  3    Int:  9    God:
Gold:   56         SH:  9    Dex: 10    Spells: 3/3 levels left

rFire    . . .     SeeInvis +   a - +0 trident
rCold    . . .     Gourm    .   c - +0 shield
rNeg     . . .     Faith    .   b - +0 scale mail
rPois    +         Spirit   .   (no helmet)
rElec    .         Reflect  .   h - +2 cloak {rPois}
rCorr    .         Harm     .   r - +0 pair of gloves
MR       .....                  j - +0 naga barding
Stlth    ..........             (no amulet)
HPRegen  0.14/turn              (no ring)
MPRegen  0.09/turn              (no ring)

@: mighty, very slow
A: large, see invisible, deformed body, poison resistance, slowness 2, slow
metabolism 1, spit poison 1, AC +1
a: Spit Poison


You were on level 3 of the Dungeon.
You were not hungry.

You visited 1 branch of the dungeon, and saw 3 of its levels.

You collected 56 gold pieces.

Inventory:

Hand Weapons
 a - a +0 trident (weapon)
Missiles
 l - 22 bolts
Armour
 b - a +0 scale mail (worn)
 c - a +0 shield (worn)
 h - a +2 cloak of poison resistance (worn)
 j - a +0 naga barding (worn)
 r - a +0 pair of gloves (worn)
Scrolls
 e - 2 scrolls of remove curse {unknown}
 g - 3 scrolls of identify {unknown}
 i - a scroll of random uselessness {unknown}
 o - a scroll of amnesia {unknown}
 q - a scroll of fear {unknown}
Potions
 d - a potion of might
 k - a potion of curing {unknown}
 n - a potion of invisibility {unknown}
 p - 2 potions of degeneration {unknown}
Comestibles
 f - 6 rations
 m - a chunk of flesh


   Skills:
 + Level 3.4 Fighting
 * Level 3.1 Polearms
 + Level 2.8 Armour
 + Level 3.0 Shields


You had 3 spell levels left.
You didn't know any spells.

Dungeon Overview and Level Annotations

Branches:
Dungeon (3/15)

Altars:

Annotations:
D:3 1 transporter


Innate Abilities, Weirdness & Mutations

You cannot wear boots.
Your serpentine skin is tough. (AC +1)
You have supernaturally acute eyesight. (SInv)
Armour fits poorly on your strangely shaped body.
Your system is resistant to poisons. (rPois)
You cover ground very slowly.
You have a slow metabolism.
You can spit poison.


Message History

The gnoll hits you but does no damage.
You are too injured to fight recklessly!
You are too injured to fight recklessly!
The gnoll barely misses you. The gnoll hits you with a flail!
* * * LOW HITPOINT WARNING * * *
The gnoll barely misses you. The gnoll hits you but does no damage.
You feel very mighty all of a sudden. The gnoll hits you with a flail.
* * * LOW HITPOINT WARNING * * *
The gnoll hits you but does no damage.
You barely miss the gnoll. The gnoll hits you but does no damage.
The gnoll hits you from afar with a spear.
* * * LOW HITPOINT WARNING * * *
You hit the gnoll.
The gnoll is moderately wounded.
The gnoll hits you but does no damage.
The gnoll hits you from afar with a spear.
You die...

#.......#
#.#+#####
#.#.#
#.#.###
#(....#
###.#.#
#.#g#
###.#g#
#...#@#
###.#.#
#.#..
#.######
#.#.<..#
#.####.#
#.# #.#
#.# #.#
#.# #.#


You could see 2 gnolls.

Vanquished Creatures
  An adder (D:2)
  2 gnolls (D:3)
  An ooze (D:2)
  A dart slug (D:1)
  A leopard gecko (D:1)
  An orc (D:2)
  A giant cockroach (D:2)
  6 goblins
  5 hobgoblins (D:1)
  2 jackals (D:1)
  3 quokkas (D:2)
  4 bats
  3 frilled lizards
  6 kobolds
  6 rats
43 creatures vanquished.

Notes
Turn   | Place    | Note
-------+----------+-------------------------------------------
     0 | D:1      | KleinerIrrer the Naga Fighter began the quest for the Orb.
     0 | D:1      | Reached XP level 1. HP: 21/21 MP: 1/1
   275 | D:1      | Reached XP level 2. HP: 28/28 MP: 2/2
   662 | D:1      | Reached XP level 3. HP: 34/34 MP: 3/3
  1233 | D:2      | Reached XP level 4. HP: 42/42 MP: 4/4
  1386 | D:3      | Found a transporter.
  1410 | D:3      | HP: 1/42 [gnoll/spear (5)]
  1411 | D:3      | Slain by a gnoll

Vault maps used:
D:1:      dpeg_arrival_round_b, nrook_loot_triangle
D:3:      gammafunk_temple_overflow_arena, first_ration

Skill      XL: |  1  2  3  4 |
---------------+-------------+-----
Polearms       | 3 |  3.1
Shields        | 3 |  3.0
Fighting       | |  3.4
Armour         | |  2.8

Action                   |  1- 3 |  4- 6 || total
-------------------------+-------+-------++-------
Melee: Trident           |   143 |    22 ||   165
  Use: Potion            |       |     1 ||     1
  Eat: Chunk             |     1 |       ||     1
Armor: Scale mail        |   101 |    21 ||   122
Dodge: Dodged            |    19 |     3 ||    22
Block: Shield            |    55 |    13 ||    68

Table legend:
 A = Spawn XP
 B = Non-spawn XP
 C = Spawn XP percentage of total XP
 D = Spawn monster count
 E = Non-spawn monster count
 F = Spawn count percentage of total count
 G = Total turns spent on level
                    A         B        C        D         E        F      G
               +---------+---------+-------+---------+---------+-------+---------
         Total |       0 |     116 |   0.0 |       0 |      43 |   0.0 |  1411
               +---------+---------+-------+---------+---------+-------+---------
           D:1 |       0 |      42 |   0.0 |       0 |      24 |   0.0 |  1010
           D:2 |       0 |      44 |   0.0 |       0 |      16 |   0.0 |   338
           D:3 |       0 |      30 |   0.0 |       0 |       3 |   0.0 |    63
               +---------+---------+-------+---------+---------+-------+---------
